 Dungeon Crawl Stone Soup version 0.30.0-29-ga12c61a403 (webtiles) character file.

Game seed: 4003252654753950750

343 Peloso the Slasher (level 6, 0/55 HPs)
             Began as a Minotaur Fighter on June 19, 2023.
             Slain by a two-headed ogre
             ... wielding a +0 giant club
              (14 damage)
             ... on level 4 of the Dungeon.
             The game lasted 00:05:22 (2922 turns).

Peloso the Slasher (Minotaur Fighter)               Turns: 2922, Time: 00:05:23

Health: 0/55       AC: 10    Str: 21    XL:     6   Next: 31%
Magic:  5/5        EV: 10    Int:  5    God:
Gold:   120        SH:  4    Dex: 11    Spells: 5/5 levels left

rFire   . . .        a - +0 long sword
rCold   . . .        d - +0 buckler
rNeg    . . .        b - +3 scale mail
rPois   .            (helmet restricted)
rElec   .            c - scarf {+Inv}
rCorr   +            (no gloves)
SInv    .            (no boots)
Will    .....        (no amulet) Stlth
                     e - ring of resist corrosion
HPRegen 0.29/turn    (no ring)
MPRegen 0.09/turn

%: no passive effects
@: mighty, slowed, very slow
A: horns 2, retaliatory headbutt
a: Evoke Invisibility


You were on level 4 of the Dungeon.
You visited 1 branch of the dungeon, and saw 4 of its levels.

You collected 120 gold pieces.

Inventory:

Hand Weapons
 a - a +0 long sword (weapon)
Armour
 b - a +3 scale mail (worn)
 c - a scarf of invisibility (worn)
 d - a +0 buckler (worn)
Jewellery
 e - a ring of resist corrosion (left hand)
 l - an amulet of guardian spirit
 n - a +6 ring of strength
Scrolls
 g - a scroll of brand weapon {unknown}
 h - a scroll of teleportation {unknown}
 i - 2 scrolls of identify {unknown}
 j - a scroll of enchant armour {unknown}
 k - a scroll of silence {unknown}
Potions
 f - a potion of might
 m - a potion of flight


   Skills:
 + Level 4.9 Fighting
 + Level 5.3 Long Blades
 + Level 4.8 Armour
 + Level 2.3 Dodging
 + Level 0.6 Stealth
 + Level 4.2 Shields


You had 5 spell levels left.
You didn't know any spells.
Your spell library contained the following spells:

 Spells                   Type           Power      Damage    Failure   Level
 Shock                    Conj/Air       0%         1d3       86%         1
 Ozocubu's Armour         Ice            0%         N/A       99%         3
 Swiftness                Air            0%         N/A       99%         3
 Airstrike                Air            0%         2d(0-16)  100%        4
 Ozocubu's Refrigeration  Ice            0%         4d7       100%        7


Dungeon Overview and Level Annotations

Branches:
Dungeon (4/15)
 Temple: D:4-7

Altars:
Cheibriados
Uskayaw

Annotations:
D:3 1 runed translucent door, Crazy Yiuf
D:4 Natasha, Sigmund


Innate Abilities, Weirdness & Mutations

You have a pair of horns on your head.
You reflexively headbutt those who attack you in melee.


Message History

You slash the dart slug!
You kill the dart slug!
You see here a dart slug corpse.
HP restored.
Sigmund the Dreaded comes into view.
He is wielding a +0 scythe.
Sigmund shouts!
You hear an angry growl.
Natasha, Servant of Life and Death comes into view.
She is carrying a wand of flame (10).
Sigmund casts a spell at you.
You are confused.
There are monsters nearby!
There are monsters nearby!
Unknown command.
A two-headed ogre comes into view.
It is wielding a +0 giant club and a +0 giant spiked club.
The two-headed ogre shouts in stereo!
Natasha wildly gestures.
You feel disoriented.
Natasha stares at you and mumbles some strange words.
The magic dart hits you. Natasha casts a spell at you.
You feel yourself slow down.
You bump into the rock wall.
You feel less confused. Natasha casts a spell at you.
You feel as though you will be slow longer.
You feel very mighty all of a sudden.
Natasha mewls in sadness.
You slash the two-headed ogre!
Your headbutt misses the two-headed ogre.
The two-headed ogre is lightly wounded.
The two-headed ogre barely misses you. You block the two-headed ogre's attack.
The two-headed ogre hits you with a +0 giant club!!
The two-headed ogre hits you with a +0 giant spiked club!
* * * LOW HITPOINT WARNING * * *
You barely miss the two-headed ogre.
The two-headed ogre is lightly wounded.
The two-headed ogre misses you. The two-headed ogre closely misses you.
You slash the two-headed ogre!
The two-headed ogre is moderately wounded.
The two-headed ogre hits you with a +0 giant club!
You die...

...).##.....................
##.. ##....................
## #...................hO
###..##.......##........
#....#####.#### #...h...
###.##.##..# #.......
#.........#######.###..
##....###.#.##.....# ##
##...#.@Oh..........##
#....#.####.####.......#
##..##.##.....##......##
#[###.#.......#....#... #.#
#.#.....†.#...##... #.#
#....._......## #..
#.###.#...†.|.#..# #.
#...#.#.......#..#
###.#.##.....## ##


You could see a two-headed ogre and Natasha.

Vanquished Creatures
  A black bear (D:4)
  An orc priest (D:4)
  An orc wizard (D:3)
  Natasha (D:4)
  6 adders
  3 gnolls
  2 worms
  A dart slug (D:4)
  8 orcs (D:3)
  9 endoplasms
  2 giant cockroaches
  4 goblins
  5 hobgoblins
  A jackal (D:3)
  9 kobolds
  A quokka (D:1)
  10 ball pythons
  5 bats
  11 frilled lizards
  4 rats
85 creatures vanquished.

Notes
Turn   | Place    | Note
-------+----------+-------------------------------------------
     0 | D:1      | Peloso the Minotaur Fighter began the quest for the Orb.
     0 | D:1      | Reached XP level 1. HP: 19/19 MP: 0/0
   170 | D:1      | Reached XP level 2. HP: 27/27 MP: 1/1
   202 | D:1      | Found a faded altar of an unknown god.
   894 | D:2      | Reached XP level 3. HP: 33/33 MP: 2/2
   982 | D:2      | Reached skill level 1 in Dodging
  1054 | D:2      | Found a snail-covered altar of Cheibriados.
  1176 | D:2      | Reached skill level 3 in Long Blades
  1235 | D:2      | Reached XP level 4. HP: 33/40 MP: 3/3
  1950 | D:3      | Reached skill level 4 in Long Blades
  2194 | D:3      | Found a runed translucent door.
  2195 | D:3      | Noticed Crazy Yiuf
  2445 | D:4      | Reached XP level 5. HP: 46/47 MP: 4/4
  2559 | D:4      | Noticed a black bear
  2580 | D:4      | Killed a black bear
  2581 | D:4      | Reached skill level 5 in Long Blades
  2629 | D:4      | Reached XP level 6. HP: 53/53 MP: 5/5
  2813 | D:4      | Found a hide-covered altar of Uskayaw.
  2814 | D:4      | Noticed Natasha
  2821 | D:4      | Killed Natasha
  2903 | D:4      | Noticed Sigmund
  2903 | D:4      | Noticed Natasha
  2904 | D:4      | Noticed a two-headed ogre
  2922 | D:4      | Slain by a two-headed ogre

Illustrated notes

Levels and vault maps discovered:
D:1:      dpeg_arrival_renting, layout_loops_cross,
          shapermc_ecumenical_altar_mp_urbaneastern, minmay_misc_feat_plants,
          minmay_lizard_king
D:2:      layout_rooms, basic_altar
D:3:      layout_basic, kennysheep_cross_bottleneck, minmay_cut_off,
          uniq_crazy_yiuf_cottage
D:4:      layout_cave_pools, old_standard_altar, minmay_manual_mess,
          uniq_blork_the_orc, uniq_eustachio, uniq_natasha, uniq_sigmund

Skill      XL: |  1  2  3  4  5 |
---------------+----------------+-----
Fighting       | 4 |  4.9
Armour         | 4 |  4.8
Dodging        | 1 2 |  2.3
Shields        | 4 |  4.2
Long Blades    | 3 4 5 |  5.3
Stealth        | |  0.6

Action                     |  1- 3 |  4- 6 || total
---------------------------+-------+-------++-------
  Melee: Long sword        |   110 |   109 ||   219
         Headbutt          |    16 |    15 ||    31
    Use: Potion            |       |     5 ||     5
 Armour: Scale mail        |    54 |    64 ||   118
  Dodge: Dodged            |    53 |    46 ||    99
  Block: Buckler           |    33 |    25 ||    58
